 Dungeon Crawl Stone Soup version 0.28-a0-1429-gf3d713df7a (webtiles) character file.

Game seed: 4402069646790866090

847 croobank the Sneak (level 8, -8/46 HPs)
             Began as an Octopode Hedge Wizard on Jan 8, 2022.
             Was an Initiate of Vehumet.
             Killed from afar by an orc wizard (11 damage)
             ... with a magic dart
             ... on level 5 of the Dungeon.
             The game lasted 00:30:25 (7371 turns).

croobank the Sneak (Octopode Hedge Wizard)          Turns: 7371, Time: 00:30:25

Health: -8/46      AC:  1    Str:  9      XL:     8   Next: 1%
Magic:  9/14       EV: 14    Int: 17 (19) God:    Vehumet [......]
Gold:   285        SH:  0    Dex: 11      Spells: 3/15 levels left

rFire   . . .      SeeInvis +   a - +2 dagger (elec)
rCold   . . .      Faith    .   (no shield)
rNeg    . . .      Spirit   .   v - +0 hat
rPois   .          Reflect  +   l - amulet of reflection
rElec   .          Harm     .   m - ring of see invisible
rCorr   .          Rampage  .   (no ring)
Will    .....                   (no ring)
Stlth   ++........              (no ring)
HPRegen 0.15/turn               (no ring)
MPRegen 0.14/turn               (no ring)
                                (no ring)
                                (no ring)

@: confused, mighty, very slightly contaminated
A: almost no armour, amphibious, 8 rings, camouflage 1, gelatinous body 1,
(nimble swimmer 1), tentacles
a: Renounce Religion


You were on level 5 of the Dungeon.
You worshipped Vehumet.
Vehumet was noncommittal.
You visited 2 branches of the dungeon, and saw 6 of its levels.

You collected 285 gold pieces.

Inventory:

Hand Weapons
 a - a +2 dagger of electrocution (weapon)
 b - a +0 hunting sling
 i - a +1 dagger of flaming
 o - a +2 whip of electrocution
 q - a +1 dagger of venom
Missiles
 c - 188 stones
 d - 6 silver javelins
 e - 2 atropa-tipped darts (quivered)
 h - 24 bolts
 k - 60 sling bullets
 n - 6 boomerangs
 s - 29 poisoned darts
 w - 25 arrows
Armour
 v - a +0 hat (worn)
Jewellery
 l - an amulet of reflection (around mantle)
 m - a ring of see invisible (left tentacle)
 r - an amulet of faith
Scrolls
 f - 2 scrolls of identify {unknown}
 j - a scroll of teleportation {unknown}
Potions
 g - a potion of flight


   Skills:
 + Level 4.0 Dodging
 + Level 5.7 Stealth
 + Level 4.3 Spellcasting
 + Level 3.4 Conjurations
 + Level 3.4 Summonings
 + Level 3.6 Translocations


You had 3 spell levels left.
You knew the following spells:

 Your Spells              Type           Power      Damage    Failure   Level
a - Magic Dart            Conj           60%        1d6       3%          1
b - Slow                  Hex            12%        N/A       16%         1
c - Blink                 Tloc           32%        N/A       4%          2
d - Mephitic Cloud        Conj/Pois/Air  7%         N/A       28%         3
e - Call Imp              Summ           15%        N/A       5%          2
f - Conjure Flame         Conj/Fire      9%         6-21      22%         3

Your spell library contained the following spells:

 Spells                   Type           Power      Damage    Failure   Level
 Searing Ray              Conj           30%        2d5       5%          2
 Fulminant Prism          Conj/Hex       4%         3d6       58%         4


Dungeon Overview and Level Annotations

Branches:
Dungeon (5/15)             Temple (1/1) D:4

Altars:
Ashenzari
Cheibriados
Dithmenos
Elyvilon
Fedhas
Gozag
Hepliaklqana
Kikubaaqudgha
Makhleb
Nemelex Xobeh
Okawaru
Qazlal
Ru
Sif Muna
Trog
Uskayaw
Vehumet
Wu Jian
Yredelemnul
Zin
The Shining One


Innate Abilities, Weirdness & Mutations

You cannot wear most types of armour.
You are amphibious.
You can wear up to eight rings at the same time.
Your skin changes colour to match your surroundings (Stealth+).
Your rubbery body absorbs attacks. (AC +1, EV +1)
((You are camouflaged when in or above water. (Stealth+)))
You have tentacles for arms and can constrict up to eight enemies at once.


Message History

Vehumet accepts your kill.
You have reached level 8!
You hit the orc wizard but do no damage.
Your grab misses the orc wizard.
The orc wizard hits you with a +3 dagger.
You hit the orc wizard but do no damage.
Your grab misses the orc wizard.
You squeeze the orc wizard, but do no damage.
The orc wizard hits you with a +3 dagger.
* * * LOW HITPOINT WARNING * * *
Casting: Slow (safe; 16% risk of failure)
Confirm with . or Enter, or press ? or * to list all spells.
Aiming: Slow (safe; 16% risk of failure)
Press: ? - help, Shift-Dir - straight line, f - orc wizard
Aim: an orc wizard, wielding a +3 dagger and wearing a +0 robe (slightly transparent, chance to affect: 37%)
Okay, then.
Okay, then.
It was a potion of might.
You feel very mighty all of a sudden. The orc wizard casts a spell at you.
The magic dart hits you!
* * * LOW HITPOINT WARNING * * *
Casting: Slow (safe; 16% risk of failure)
Confirm with . or Enter, or press ? or * to list all spells.
You miscast Blink.
You are very lightly contaminated with residual magic.
Nothing appears to happen.
The orc wizard points at you and mumbles some strange words.
You are confused.
You're too confused to cast spells.
Okay, then.
You're too confused to cast spells.
Okay, then.
You are too confused!
Unknown command.
Okay, then.
You closely miss the orc wizard.
The orc wizard points at you and mumbles some strange words.
The magic dart hits you!
You die...

#........#
#.# #
##.......#
#... ##
##...####
####. ##.
###..###
#.###..
#......#
#....>.
#.#..#.#
###....
#.#..#.#
##... #
#..#.######
##..
#..#...@o.#
##.
#..######.#
#. #..# .#
#. #.. o#
#. o# #. .#
#. .# #. .#
#. #.


You could see an orc wizard (invisible).

Vanquished Creatures
  2 phantoms
  2 scorpions (D:4)
  A water moccasin zombie (D:5)
  2 howler monkeys
  3 bullfrog zombies
  2 orc priests
  A jelly (D:5)
  A scorpion zombie (D:5)
  An iguana (D:2)
  Terence (D:2)
  An orc wizard (D:5)
  3 adders (D:3)
  An ufetubus (D:5)
  2 dart slugs
  8 orcs
  8 bats
  7 endoplasms
  3 giant cockroaches (D:1)
  11 goblins
  8 hobgoblins
  2 jackals (D:1)
  6 kobolds
  5 quokkas
  13 ball pythons
  3 frilled lizards
  6 rats
103 creatures vanquished.

Vanquished Creatures (collateral kills)
  An iguana (D:4)
1 creature vanquished.

Vanquished Creatures (others)
  2 plants (D:3)
2 creatures vanquished.

Grand Total: 106 creatures vanquished

Notes
Turn   | Place    | Note
-------+----------+-------------------------------------------
     0 | D:1      | croobank the Octopode Hedge Wizard began the quest for the
                  | Orb.
     0 | D:1      | Reached XP level 1. HP: 11/11 MP: 4/4
    12 | D:1      | Learned a level 1 spell: Slow
    70 | D:1      | You fall into a shaft and drop 1 floor!
   195 | D:2      | Found a faded altar of an unknown god.
   265 | D:2      | Noticed an iguana
   286 | D:3      | Reached XP level 2. HP: 13/17 MP: 0/6
   367 | D:3      | Reached skill level 3 in Stealth
   414 | D:2      | Reached XP level 3. HP: 5/21 MP: 1/7
   636 | D:2      | Learned a level 2 spell: Blink
  1034 | D:1      | Reached XP level 4. HP: 22/27 MP: 8/8
  2144 | D:2      | Noticed Terence
  2153 | D:2      | Killed Terence
  2631 | D:3      | Reached XP level 5. HP: 31/31 MP: 10/10
  3280 | D:3      | Reached skill level 4 in Stealth
  3395 | D:3      | Learned a level 3 spell: Mephitic Cloud
  3858 | D:4      | Reached XP level 6. HP: 22/36 MP: 7/11
  4293 | D:4      | Noticed a two-headed ogre
  4305 | D:4      | Found a staircase to the Ecumenical Temple.
  4324 | Temple   | Entered the Ecumenical Temple
  4461 | Temple   | Became a worshipper of Vehumet
  5121 | D:5      | Entered Level 5 of the Dungeon
  5656 | D:4      | Learned a level 2 spell: Call Imp
  5697 | D:4      | Reached skill level 5 in Stealth
  5697 | D:4      | Reached XP level 7. HP: 27/41 MP: 2/13
  6578 | D:5      | Learned a level 3 spell: Conjure Flame
  6584 | D:5      | Identified the +6 scale mail of Irksome Creativity {-Cast
                  | Str+3 Dex+7 Slay+3}
  7367 | D:5      | Reached XP level 8. HP: 21/46 MP: 10/14
  7371 | D:5      | Killed from afar by an orc wizard

Illustrated notes

Levels and vault maps discovered:
D:1:      erik_arrival_orb_chamber, layout_basic, kennysheep_another_room,
          feat_on_display
D:2:      layout_basic, dreamdust_ecumenical_altar_angels_and_demons,
          uniq_terence
D:3:      corexii_shack_village, layout_loops_corners
D:4:      layout_basic, minmay_temple_entry_statues_pillars
D:5:      layout_loops_ring, marbit_many_paths
Temple:   nicolae_temple_the_god_donut

Skill      XL: |  1  2  3  4  5  6  7 |
---------------+----------------------+-----
Stealth        | 3 4 5 |  5.7
Summonings     | 2 3 |  3.4
Translocations | 2 3 |  3.6
Conjurations   | 2 3 |  3.4
Dodging        | 3 4 |  4.0
Spellcasting   | 4 |  4.3

Action                   |  1- 3 |  4- 6 |  7- 9 || total
-------------------------+-------+-------+-------++-------
Melee: Dagger            |    41 |   116 |    61 ||   218
       Tentacles         |     9 |    29 |    16 ||    54
       Constrict         |     7 |    29 |    11 ||    47
       Punch             |       |     4 |     1 ||     5
 Fire: Hunting sling     |       |     2 |     5 ||     7
Throw: Boomerang         |       |     5 |       ||     5
       Dart              |       |       |     4 ||     4
 Cast: Magic Dart        |    28 |    23 |    13 ||    64
       Slow              |     5 |     9 |    21 ||    35
       Blink             |       |     3 |     1 ||     4
       Call Imp          |       |     1 |       ||     1
  Use: Scroll            |       |     3 |       ||     3
       Potion            |       |     7 |     1 ||     8
 Stab: Sleeping          |     8 |    10 |     2 ||    20
Armor: Skin              |     9 |     3 |       ||    12
Dodge: Dodged            |    22 |    59 |    29 ||   110
Block: Other             |       |    17 |     7 ||    24
       Reflection        |       |     1 |       ||     1

Table legend: (Time is in decaauts)
 A = Elapsed time spent in this place.
 B = Non-inter-level travel time spent in this place.
 C = Inter-level travel time spent in this place.
 D = Time resting spent in this place.
 E = Time spent auto-exploring this place.
 F = Levels seen in this place.
 G = Mean time per level.
                   A        B        C        D        E       F      G
               +--------+--------+--------+--------+--------+-----+--------+
         Total |   7341 |   7242 |     99 |   1879 |   4021 |   6 | 1223.5 |
       Dungeon |   6565 |   6504 |     61 |   1843 |   3341 |   5 | 1313.0 |
        Temple |    775 |    737 |     38 |     36 |    680 |   1 |  775.0 |
               +--------+--------+--------+--------+--------+-----+--------+

Top non-repeatable levels by time:
     D:5: 1535 daAuts
     D:3: 1403 daAuts
     D:1: 1375 daAuts
     D:4: 1133 daAuts
     D:2: 1118 daAuts
  Temple: 775 daAuts
